 Dungeon Crawl Stone Soup version 0.32-a0-290-g598725c5f2 (webtiles) character file.

Game seed: 6692815138371754402

219192 timneilson the Grappler (level 19, -18/136 HPs)
             Began as an Octopode Shapeshifter on Feb 13, 2024.
             Was an Initiate of Gozag.
             Demolished by a naga warrior
             ... wielding a +0 war axe
              (36 damage)
             ... on level 4 of the Snake Pit.
             The game lasted 02:09:07 (33873 turns).

timneilson the Grappler (Octopode Shapeshifter)    Turns: 33873, Time: 02:09:08

Health: -18/136    AC:  7    Str: 31    XL:     19   Next: 53%
Magic:  23/26      EV: 25    Int: 24    God:    Gozag
Gold:   3966       SH:  0    Dex: 20    Spells: 12/28 levels left

rFire   + +          .
                       - Unarmed
rCold   + + +        x - melded +0 kite shield
rNeg    + + +        R - +2 hat {Stlth+}
rPois   +            T - amulet "Veos" {-Tele rC+++ Regen+ rCorr}
rElec   +            f - +5 ring of evasion
rCorr   +            Y - ring of Tesoeh {rF+ rC+ Will+ rCorr Dex+3}
SInv    +            Z - ring "Leit" {rElec rN+ SInv}
Will    +++..        M - ring "Weqoolub" {rN+ Str+6 Dex+3}
Stlth   +++++++      N - ring "Suygatov" {Wiz rPois rF+ Str-2 Int+4}
HPRegen 1.22/turn    l - ring of Etop {Will+ Dex+5 Stlth-}
MPRegen 0.20/turn    U - +4 ring of protection
                     X - ring "Foem" {rPois rN++ Str+6 Int+8 Dex-3}

%: no teleportation, wizardry (x1)
@: lethally poisoned (-18 -> -19), swift, blade tentacles, gold aura,
constricted, quick
A: almost no armour, amphibious, 8 rings, camouflage 1, gelatinous body 1,
(nimble swimmer 1), tentacles
a: Begin Untransformation, Renounce Religion, Potion Petition, Call Merchant,
Bribe Branch


You were on level 4 of the Snake Pit.
You worshipped Gozag.
Gozag was most pleased with you.
You had blades for main tentacles.
You visited 5 branches of the dungeon, and saw 27 of its levels.
You also visited: Trove, Sewer, Bailey and Ice Cave.

You collected 10913 gold pieces.
You spent 5526 gold pieces at shops.
You paid 1421 gold pieces to Gozag.

Inventory:

Missiles
 g - 69 poisoned darts (quivered)
 D - a curare-tipped dart
 K - 4 atropa-tipped darts
Armour
 a - a +2 kite shield of protection
 x - a +0 kite shield (melded)
 R - a +2 hat of stealth (worn)
Jewellery
 f - a +5 ring of evasion (left blade tentacle)
 l - the ring of Etop (on tentacle) {Will+ Dex+5 Stlth-}
   (You found it in a treasure trove)

   [ring of willpower]

   Dex+5:     It affects your dexterity (+5).
   Will+:     It increases your willpower.
   Stlth-:    It makes you less stealthy.
 s - a ring of willpower
 v - a +6 ring of dexterity
 C - a ring of fire
 M - the ring "Weqoolub" (on tentacle) {rN+ Str+6 Dex+3}
   (You bought it in a shop on level 10 of the Dungeon)

   [ring of strength]

   Str+6:     It affects your strength (+6).
   Dex+3:     It affects your dexterity (+3).
   rN+:       It protects you from negative energy.
 N - the ring "Suygatov" (on tentacle) {Wiz rPois rF+ Str-2 Int+4}
   (You acquired it on level 3 of the Snake Pit)

   [ring of wizardry]

   Wiz:       It improves your spell success rate.
   Str-2:     It affects your strength (-2).
   Int+4:     It affects your intelligence (+4).
   rF+:       It protects you from fire.
   rPois:     It protects you from poison
 T - the amulet "Veos" (around mantle) {-Tele rC+++ Regen+ rCorr}
   (You bought it in a shop on level 10 of the Dungeon)

   [amulet of regeneration]

   rC+++:     It renders you almost immune to cold.
   -Tele:     It prevents most forms of teleportation.
   Regen+:    It increases your rate of health regeneration.
   rCorr:     It protects you from acid and corrosion.
 U - a +4 ring of protection (on tentacle)
 X - the ring "Foem" (on tentacle) {rPois rN++ Str+6 Int+8 Dex-3}
   (You bought it in a shop on level 5 of the Lair of Beasts)

   [ring of strength]

   Str+6:     It affects your strength (+6).
   Int+8:     It affects your intelligence (+8).
   Dex-3:     It affects your dexterity (-3).
   rPois:     It protects you from poison rN++: It greatly protects you from
   negative energy.
 Y - the ring of Tesoeh (right blade tentacle) {rF+ rC+ Will+ rCorr Dex+3}
   (You bought it in a shop on level 5 of the Lair of Beasts)

   [ring of protection from fire]

   Dex+3:     It affects your dexterity (+3).
   rF+:       It protects you from fire.
   rC+:       It protects you from cold.
   Will+:     It increases your willpower.
   rCorr:     It protects you from acid and corrosion.
 Z - the ring "Leit" (on tentacle) {rElec rN+ SInv}
   (You bought it in a shop on level 5 of the Lair of Beasts)

   [ring of see invisible]

   rElec:     It insulates you from electricity.
   rN+:       It protects you from negative energy.
   SInv:      It lets you see invisible.
Talismans
 c - a flux talisman
 J - a blade talisman (active)
Wands
 h - a wand of flame (68)
 q - a wand of charming (30)
 G - a wand of mindburst (2)
 H - a wand of quicksilver (5)
 S - a wand of polymorph (8)
Scrolls
 d - 10 scrolls of teleportation
 e - 2 scrolls of enchant armour
 j - 2 scrolls of amnesia
 k - 2 scrolls of fog
 n - 4 scrolls of noise
 p - 5 scrolls of enchant weapon
 y - 6 scrolls of poison
 B - a scroll of revelation
 I - 5 scrolls of immolation
 L - a scroll of identify
 P - 2 scrolls of fear
 Q - a scroll of brand weapon
Potions
 i - 4 potions of resistance
 m - 2 potions of mutation
 o - 4 potions of might
 r - 3 potions of attraction
 t - 4 potions of cancellation
 u - 6 potions of invisibility
 z - 6 potions of enlightenment
 A - 5 potions of curing
 E - 2 potions of magic
 F - 2 potions of ambrosia
 O - 3 potions of brilliance
 V - 3 potions of haste
Miscellaneous
 w - a phial of floods
 W - a condenser vane


   Skills:
 * Level 14.3 Fighting
 * Level 14.3 Dodging
 + Level 14.2 Stealth
 - Level 3.2 Shields
 * Level 14.5 Unarmed Combat
 - Level 5.0 Spellcasting
 + Level 5.3 Translocations
 - Level 5.0 Air Magic
 + Level 1.2 Earth Magic
 + Level 10.7 Evocations
 * Level 13.3 Shapeshifting


You had 12 spell levels left.
You knew the following spells:

 Your Spells              Type           Power      Damage    Failure   Level
a - Swiftness             Air            30%        N/A       1%          3
b - Lesser Beckoning      Tloc           62%        N/A       1%          2
c - Teleport Other        Tloc           31%        N/A       1%          3
d - Apportation           Tloc           62%        N/A       1%          1
e - Passwall              Erth           12%        N/A       6%          3
f - Airstrike             Air            15%        2d(3-19)  4%          4

Your spell library contained the following spells:

 Spells                   Type           Power      Damage    Failure   Level
 Shock                    Conj/Air       72%        1d7       1%          1
 Blink                    Tloc           62%        N/A       1%          2
 Momentum Strike          Conj/Tloc      36%        3d9       1%          2
 Gell's Gravitas          Tloc           31%        N/A       1%          3
 Summon Small Mammal      Summ           24%        N/A       3%          1
 Call Imp                 Summ           12%        N/A       5%          2
 Ensorcelled Hibernation  Hex/Ice        12%        N/A       5%          2
 Jinxbite                 Hex            12%        N/A       5%          2
 Stone Arrow              Conj/Erth      18%        3d8       9%          3
 Call Canine Familiar     Summ           6%         N/A       11%         3
 Brom's Barrelling Bould  Conj/Erth      9%         2d3       26%         4
 Olgreb's Toxic Radiance  Alch           6%         N/A       32%         4
 Summon Blazeheart Golem  Fire/Summ      6%         N/A       32%         4
 Borgnjor's Vile Clutch   Necr/Erth      4%         N/A       56%         5
 Alistair's Intoxication  Alch           4%         N/A       65%         5
 Fireball                 Conj/Fire      3%         3d4       65%         5
 Iskenderun's Battlesphe  Conj           6%         2d6       65%         5
 Yara's Violent Unravell  Hex/Alch       3%         3d4       65%         5
 Conjure Ball Lightning   Conj/Air       9%         3x3d6     86%         6
 Death Channel            Necr           3%         N/A       99%         6
 Enfeeble                 Hex            3%         N/A       100%        7
 Haunt                    Necr/Summ      3%         N/A       100%        7
 Orb of Destruction       Conj           3%         9d5       100%        7
 Ozocubu's Refrigeration  Ice            3%         4d8       100%        7
 Discord                  Hex            3%         N/A       100%        8
 Infestation              Necr           3%         N/A       100%        8
 Lehudib's Crystal Spear  Conj/Erth      4%         10d3      100%        8
 Animate Armour           Summ/Erth      Unusable   N/A       N/A         4
 Animate Dead             Necr           Unusable   N/A       N/A         4

Dungeon Overview and Level Annotations

Branches:
Dungeon (15/15)            Temple (1/1) D:7            Lair (5/5) D:10
 Shoals (0/4) Lair:3        Snake (4/4) Lair:3        Slime (0/5) Lair:5
    Orc (2/2) D:9             Elf (0/3) Orc:2        Vaults (0/5) D:13
 Depths (0/4) D:15          Sewer (visited)          Bailey (visited)
  IceCv (visited)

Altars:
Ashenzari
Cheibriados
Dithmenos
Elyvilon
Fedhas
Gozag
Hepliaklqana
Kikubaaqudgha
Makhleb
Nemelex Xobeh
Okawaru
Qazlal
Ru
Sif Muna
Trog
Uskayaw
Vehumet
Wu Jian
Xom
Yredelemnul
Zin
The Shining One
Beogh

Shops:
D:10 =   Orc:2 ((**   Lair:5 =   Snake:1 *


Innate Abilities, Weirdness & Mutations

You have blades for main tentacles.
You are incapable of wielding weapons or throwing items.
You cannot wear most types of armour.
You are amphibious.
You can wear up to eight rings at the same time.
Your skin changes colour to match your surroundings (Stealth+).
Your rubbery body absorbs attacks. (AC +1, EV +1)
((You are camouflaged when in or above water. (Stealth+)))
You have tentacles for arms and can constrict up to eight enemies at once.


Message History

A naga warrior comes into view. It is wielding a +0 war axe.
You completely miss the salamander. You grab the salamander.
You squeeze the salamander.
The salamander is lightly wounded.
You constrict the salamander.
You feel sick.
A guardian serpent comes into view.
The black mamba bites you!
* * * LOW HITPOINT WARNING * * *
The salamander hits you.
* * * LOW HITPOINT WARNING * * *
You are engulfed in flames.
You resist.
* * * LOW HITPOINT WARNING * * *
The guardian serpent completely misses you.
The naga warrior closely misses you. The naga warrior constricts you.
* * * LOW HITPOINT WARNING * * *
You feel much better.
You constrict the salamander.
You feel sick. The black mamba barely misses you.
The guardian serpent hits you!
* * * LOW HITPOINT WARNING * * *
The salamander hits you.
* * * LOW HITPOINT WARNING * * *
You are engulfed in flames.
You resist.
* * * LOW HITPOINT WARNING * * *
The black mamba misses you. The salamander closely misses you.
A naga comes into view. It is wielding a +0 dire flail.
The naga warrior roars a battlecry!
The nagas go into a battle-frenzy!
The naga warrior closely misses you. The naga warrior constricts you.
* * * LOW HITPOINT WARNING * * *
Casting: Lesser Beckoning (safe; 1% risk of failure)
Confirm with . or Enter, or press ? or * to list all spells.
You feel quick.
You constrict the salamander!
You feel sick. The guardian serpent misses you.
The black mamba completely misses you.
The salamander hits you but does no damage.
The salamander hits you from afar with a +0 halberd!
* * * LOW HITPOINT WARNING * * *
You are engulfed in flames.
You resist.
* * * LOW HITPOINT WARNING * * *
The naga warrior hits you with a +0 war axe!!!
You die...
Your body crumbles into a pile of gold.

..... ..... ...... ###
.....N #..#
......#######....
......N......N.. ..
).<...$SN....# ...
.....$S@....# ##...
...#####N...##....# #
##.......##### #
#.......#...# # #..........
# #...##...## # ##...##...#
#################.........#
..........................#


You could see 2 naga warriors, 2 salamanders, a guardian serpent, a black mamba
and a naga.

Vanquished Creatures
  Vashnia (Snake:2)
  Jorgrun (D:14)
  Frances (D:14)
  Gastronok (Lair:1)
  Aizul (Snake:4)
  Kirke (Lair:3)
  A nagaraja (Snake:3)
  An ironbound preserver (D:13)
  An orc warlord (Orc:2)
  A minotaur (Lair:1)
  The ghost of jasper the Severer, a journeyman MDCA of Kikubaaqudgha (Lair:2)
  Fannar (Orc:1)
  A great orb of eyes (D:15)
  A fire dragon (Lair:5)
  Josephine (Lair:4)
  A salamander tyrant (Snake:2)
  9 hydras
  5 centaur warriors
  6 anacondas
  A death knight (D:15)
  5 catoblepae
  3 boulder beetles
  2 two-headed ogres
  10 death yaks
  8 naga warriors
  5 orc high priests (Orc:2)
  8 naga sharpshooters
  A hell hog (Lair:5)
  Urug (D:11)
  Nergalle (Orc:1)
  5 shock serpents
  A fire crab (Lair:5)
  A skyshark (Lair:5)
  4 mana vipers
  Lodul (D:14)
  5 salamander mystics
  A swamp dragon (Lair:5)
  2 naga ritualists
  6 orc knights
  4 deep elf pyromancers
  5 orc sorcerers (Orc:2)
  7 cyclopes
  4 manticores
  22 salamanders
  16 ugly things
  4 kobold blastminers
  12 elephants
  17 black mambas
  A moth of wrath (shapeshifter) (D:13)
  7 naga magi
  A merfolk siren (Lair:3)
  A torpor snail (Lair:2)
  3 guardian serpents
  16 cane toads
  3 gargoyles
  4 komodo dragons
  A cane toad (shapeshifter) (D:13)
  A kobold demonologist (D:14)
  3 rime drakes
  3 unseen horrors
  A tengu conjurer (D:13)
  An anaconda simulacrum (IceCv)
  2 ice devils (D:12)
  A merfolk (Lair:3)
  The ghost of occam the Cutter, a novice VSBr (D:6)
  3 burning bushes (Lair:1)
  11 polar bears
  5 trolls
  Grinder (D:6)
  4 raiju (Lair:5)
  12 dream sheep
  20 blink frogs
  21 slime creatures
  A centaur simulacrum (D:13)
  Sigmund (D:6)
  9 wraiths
  A vampire (Bailey)
  7 basilisks
  A wyvern (Lair:3)
  A wyvern (shapeshifter) (D:15)
  35 yaks
  8 wargs
  2 hogs
  6 steam dragons
  6 vampire mosquitoes
  A swamp worm (shapeshifter) (D:15)
  41 nagas
  A death yak simulacrum (IceCv)
  4 acid dragons
  13 hell hounds (Lair:5)
  13 water moccasins
  Duvessa (D:5)
  A meliai simulacrum (D:15)
  53 orc warriors
  12 black bears
  2 ice beasts
  A sky beast (D:8)
  3 laughing skulls (D:13)
  A crocodile (Sewer)
  30 ogres
  An ogre (shapeshifter) (D:9)
  18 centaurs
  3 boggarts (D:15)
  21 wolves
  3 phantoms
  5 kobold brigands
  11 bullfrogs
  3 gnoll sergeants
  3 scorpions
  A cane toad simulacrum (IceCv)
  7 wights
  Dowan (D:5)
  12 killer bees
  5 vampire bats (Bailey)
  10 wolf zombies (Bailey)
  2 electric eels
  3 howler monkeys
  3 bombardier beetles
  5 gnoll boudas
  3 hounds
  3 jellies
  20 orc priests
  Jessica (D:2)
  Terence (D:2)
  10 iguanas
  25 orc wizards
  4 hell rats (Lair:5)
  Robin (D:3)
  33 gnolls
  5 river rats
  8 adders
  21 orc zombies (Bailey)
  A shadow imp (D:5)
  6 white imps
  2 ufetubi (D:5)
  5 ribbon worms
  6 dart slugs
  113 orcs
  11 endoplasms
  3 giant cockroaches (D:1)
  15 goblins
  11 hobgoblins
  10 jackals
  A quokka (D:5)
  9 ball pythons
  2 bats (D:3)
  A frilled lizard (D:3)
  23 kobolds
  11 rats
1062 creatures vanquished.

Vanquished Creatures (others)
  2 basilisks (Lair:5)
  A bullfrog (Lair:3)
3 creatures vanquished.

Grand Total: 1065 creatures vanquished

Notes
Turn   | Place    | Note
-------+----------+-------------------------------------------
     0 | D:1      | timneilson the Octopode Shapeshifter began the quest for
                  | the Orb.
     0 | D:1      | Reached XP level 1. HP: 13/13 MP: 1/1
   101 | D:1      | Reached XP level 2. HP: 18/18 MP: 2/2
   211 | D:1      | Reached skill level 1 in Stealth
   633 | D:1      | Reached XP level 3. HP: 23/23 MP: 3/3
  1150 | D:2      | Noticed Terence
  1160 | D:2      | Killed Terence
  1161 | D:2      | Reached XP level 4. HP: 9/29 MP: 4/4
  1278 | D:2      | Noticed Jessica
  1471 | D:2      | Killed Jessica
  1472 | D:2      | Reached XP level 5. HP: 15/34 MP: 5/5
  1860 | D:3      | Noticed Robin
  1899 | D:3      | Killed Robin
  1948 | D:3      | Found a faded altar of an unknown god.
  1956 | D:3      | Reached skill level 1 in Evocations
  1956 | D:3      | Reached XP level 6. HP: 30/41 MP: 6/6
  2768 | D:4      | Noticed an orc warrior
  2788 | D:4      | Killed an orc warrior
  2789 | D:4      | Reached XP level 7. HP: 30/46 MP: 7/7
  3461 | D:5      | Entered Level 5 of the Dungeon
  3541 | D:5      | Reached skill level 5 in Unarmed Combat
  3541 | D:5      | Reached XP level 8. HP: 54/54 MP: 8/8
  3784 | D:5      | Noticed Duvessa
  3788 | D:5      | Noticed Dowan
  3796 | D:5      | Killed Duvessa
  3798 | D:5      | Killed Dowan
  3988 | D:5      | Reached skill level 5 in Dodging
  4167 | D:5      | Reached skill level 5 in Shapeshifting
  4944 | D:6      | Noticed Sigmund
  4962 | D:6      | Killed Sigmund
  4963 | D:6      | Reached skill level 5 in Fighting
  4963 | D:6      | Reached XP level 9. HP: 33/61 MP: 9/9
  5028 | D:6      | Noticed Grinder
  5032 | D:6      | Paralysed by Grinder for 2 turns
  5042 | D:6      | Killed Grinder
  5043 | D:6      | Reached skill level 5 in Stealth
  5234 | D:6      | Found a glowing drain.
  5240 | Sewer    | Entered a sewer
  5959 | D:6      | Found a large runed translucent door.
  5960 | D:6      | Found a large runed translucent door.
  5961 | D:6      | Noticed occam's ghost (novice VSBr)
  6574 | D:6      | Killed occam's ghost
  7002 | D:6      | Reached skill level 1 in Shields
  7002 | D:6      | Reached XP level 10. HP: 36/68 MP: 10/10
  7610 | D:7      | Found a staircase to the Ecumenical Temple.
  7620 | Temple   | Entered the Ecumenical Temple
  7651 | Temple   | Became a worshipper of Gozag Ym Sagoz the Greedy
  7970 | D:8      | Identified the +0 battleaxe of Valour {antimagic, Str+2
                  | Int+3}
  9341 | D:8      | Reached skill level 5 in Evocations
  9583 | D:8      | Reached XP level 11. HP: 19/75 MP: 11/11
 10301 | D:9      | Found a flagged portal.
 10326 | Bailey   | Entered a bailey
 11533 | D:9      | Found a staircase to the Orcish Mines.
 11553 | D:9      | Noticed a two-headed ogre
 11563 | D:9      | Killed a two-headed ogre
 11806 | D:10     | Entered Level 10 of the Dungeon
 12068 | D:10     | You fall into a shaft and drop 2 floors!
 12069 | D:12     | Noticed a deep elf pyromancer
 12069 | D:12     | Found a portal to a secret trove of treasure.
 12084 | D:12     | Killed a deep elf pyromancer
 12118 | D:12     | Found a frozen archway.
 12164 | IceCv    | Entered an ice cave
 12431 | D:11     | Noticed Urug
 12456 | D:11     | Killed Urug
 12469 | D:11     | Noticed a green ugly thing
 12488 | D:11     | Noticed a purple ugly thing
 12498 | D:11     | Killed a white ugly thing
 12521 | D:11     | Noticed a manticore
 12526 | D:11     | Killed a manticore
 12527 | D:11     | Reached XP level 12. HP: 48/84 MP: 12/12
 13629 | D:10     | Found a shadowy altar of Dithmenos.
 13741 | D:10     | Found a staircase to the Lair.
 13773 | D:10     | Bought the ring "Weqoolub" {rN+ Str+6 Dex+3} for 802 gold
                  | pieces
 15051 | D:13     | Noticed a five-headed hydra
 15058 | D:13     | Killed a five-headed hydra
 15103 | D:13     | Noticed a catoblepas
 15129 | D:13     | Reached skill level 10 in Unarmed Combat
 15224 | Lair:1   | Entered Level 1 of the Lair of Beasts
 15320 | Lair:1   | Reached XP level 13. HP: 91/91 MP: 13/13
 15395 | Lair:1   | Reached skill level 10 in Dodging
 15578 | Lair:1   | Noticed Gastronok
 15616 | Lair:1   | Killed Gastronok
 15617 | Lair:1   | Reached skill level 10 in Fighting
 15682 | Lair:1   | Reached skill level 10 in Stealth
 15750 | Lair:1   | Found a runed translucent door.
 16310 | Lair:2   | Found a runed translucent gate.
 16310 | Lair:2   | Found a runed translucent gate.
 16310 | Lair:2   | Found a runed translucent gate.
 16311 | Lair:2   | Noticed jasper's ghost (journeyman MDCA)
 16917 | D:10     | Learned a level 3 spell: Swiftness
 16920 | D:10     | Learned a level 2 spell: Lesser Beckoning
 16924 | D:10     | Learned a level 3 spell: Teleport Other
 16949 | D:10     | Bought the amulet "Veos" {-Tele rC+++ Regen+ rCorr} for
                  | 1059 gold pieces
 17232 | Lair:3   | Found a staircase to the Shoals.
 17401 | Lair:3   | Reached skill level 10 in Shapeshifting
 17465 | Lair:3   | Reached skill level 1 in Translocations
 17560 | Lair:3   | Reached skill level 1 in Air Magic
 17762 | Lair:3   | Reached skill level 1 in Spellcasting
 18445 | Lair:3   | Found a staircase to the Snake Pit.
 18615 | Lair:2   | Reached XP level 14. HP: 80/99 MP: 15/15
 19285 | Lair:4   | Learned a level 1 spell: Apportation
 19382 | Lair:4   | Noticed Josephine
 19393 | Lair:4   | Killed Josephine
 19635 | Lair:4   | Noticed Kirke
 19736 | Orc:1    | Entered Level 1 of the Orcish Mines
 19831 | Orc:2    | Entered Level 2 of the Orcish Mines
 20122 | Orc:2    | Got Easy Cryptic Knowledge
 20384 | Orc:2    | Found Tusur's General Store.
 20424 | Orc:2    | Found a roughly hewn altar of Beogh.
 20653 | Orc:2    | Found Eveakhait's Assorted Antiques.
 21088 | Orc:2    | Found a staircase to the Elven Halls.
 21275 | Orc:2    | Noticed an orc warlord
 21309 | Orc:2    | Killed an orc warlord
 21502 | Orc:2    | Found Vohapoa's Weapon Emporium.
 21766 | Orc:2    | Found Ynawkim's Antique Weapon Boutique.
 21862 | Orc:2    | Found a roughly hewn altar of Beogh.
 22680 | Orc:2    | Reached XP level 15. HP: 41/108 MP: 19/19
 22742 | Orc:1    | Noticed Nergalle
 22815 | Orc:1    | Killed Nergalle
 22981 | D:10     | Bought a +6 ring of dexterity for 540 gold pieces
 22981 | D:10     | Bought a +4 ring of protection for 540 gold pieces
 23071 | Orc:1    | Noticed Fannar
 23077 | Orc:1    | Killed Fannar
 23352 | Lair:2   | Killed jasper's ghost
 23438 | Lair:2   | Identified the +10 broad axe of Kawad {pain, rPois rC+
                  | Will+}
 23842 | Lair:3   | Killed Kirke
 24516 | Lair:5   | Entered Level 5 of the Lair of Beasts
 24969 | Lair:5   | Found a staircase to the Slime Pits.
 25799 | Lair:5   | Reached XP level 16. HP: 102/116 MP: 22/22
 25812 | Lair:5   | Bought the ring "Foem" {rPois rN++ Str+6 Int+8 Dex-3} for
                  | 886 gold pieces
 25812 | Lair:5   | Bought the ring of Tesoeh {rF+ rC+ Will+ rCorr Dex+3} for
                  | 734 gold pieces
 25812 | Lair:5   | Bought the ring "Leit" {rElec rN+ SInv} for 431 gold pieces
 25812 | Lair:5   | Bought a blade talisman for 390 gold pieces
 27080 | D:13     | Found a gate to the Vaults.
 27362 | Orc:2    | Bought a scroll of fog for 144 gold pieces
 27515 | D:12     | You paid a toll of 5 scrolls of fog to enter a treasure
                  | trove
 27516 | Trove    | Entered a treasure trove
 27530 | Trove    | Identified the orb of Rotation {mayhem, rC+ Str+3}
 27555 | Trove    | Identified the ring of Etop {Will+ Dex+5 Stlth-}
 27873 | D:14     | Noticed Lodul
 27879 | D:14     | Killed Lodul
 28011 | D:14     | Noticed Jorgrun
 28024 | D:14     | Killed Jorgrun
 28039 | D:14     | Noticed Frances
 28056 | D:14     | Killed Frances
 28253 | D:14     | Identified the +8 war axe of Qeuz Dai {protect, Str+3
                  | Int+3}
 28430 | D:14     | Reached skill level 5 in Translocations
 28430 | D:14     | Reached skill level 5 in Air Magic
 28430 | D:14     | Reached XP level 17. HP: 122/122 MP: 22/24
 28431 | D:14     | Reached XP level 18. HP: 128/128 MP: 22/25
 28476 | D:15     | Entered Level 15 of the Dungeon
 28483 | D:15     | Reached skill level 5 in Spellcasting
 29077 | D:15     | Reached skill level 10 in Evocations
 29557 | D:15     | Found a staircase to the Depths.
 29811 | Snake:1  | Entered Level 1 of the Snake Pit
 29815 | Snake:1  | Identified the orb "Wuypuev" {mayhem, Will+}
 30597 | Snake:1  | Found Vubud's Neck Hole.
 30848 | Snake:2  | Noticed Vashnia
 30896 | Snake:2  | Killed Vashnia
 31053 | Snake:2  | Reached XP level 19. HP: 105/135 MP: 20/26
 32251 | Snake:3  | Identified the +3 sling of Xeujoq {flame, Fly}
 32911 | Snake:3  | Learned a level 3 spell: Passwall
 33151 | Snake:3  | Identified a scroll of acquirement
 33152 | Snake:3  | Acquired the ring "Suygatov" {Wiz rPois rF+ Str-2 Int+4}
 33229 | Snake:4  | Entered Level 4 of the Snake Pit
 33532 | Snake:4  | Reached skill level 1 in Earth Magic
 33577 | Snake:4  | Learned a level 4 spell: Airstrike
 33856 | Snake:4  | Identified the serpent talisman "Yggoqog" {Dex+2}
 33856 | Snake:4  | Noticed Aizul
 33870 | Snake:4  | Killed Aizul
 33873 | Snake:4  | Demolished by a naga warrior

Illustrated notes

Levels and vault maps discovered:
D:1:      eino_arrival_cavern_e, layout_basic
D:2:      layout_rooms, nicolae_grassy_gnolls, uniq_jessica, uniq_terence
D:3:      layout_loops_cross, ebering_ecumenical_altar_abandoned,
          minmay_hedge_maze, minmay_between, uniq_robin
D:4:      minmay_chambers_of_twos, layout_basic, minmay_misc_feat_nine_boxes
D:5:      layout_layer_cave, bh_walls_and_bars, uniq_duvessa
D:6:      layout_basic, lightli_sewer_entry_pipes, ebering_ghost_disaster_area,
          uniq_grinder, uniq_sigmund
D:7:      layout_rooms, minmay_temple_entry_junction, roderic_lattice_a
D:8:      kennysheep_seaside_town, layout_basic
D:9:      kennysheep_big_flooded_room, layout_basic, david_orc_2, enter_bailey_4
D:10:     layout_basic, nicolae_dithmenos_shadow_blocks, lair_entry_dummy
D:11:     layout_loops_corners, uniq_urug
D:12:     layout_basic, portal_ice_cave_demonic_guard,
          nicolae_trove_entry_columns
D:13:     layout_rooms, skrybe_vaults_entry_preservation, minivault_20
D:14:     layout_cave_pools, serial_park_square2, uniq_lodul, uniq_frances,
          uniq_jorgrun
D:15:     gammafunk_enter_depths_forms, layout_basic, minivault_19,
          hangedman_decor_growths
Temple:   kilobyte_greek_temple
Lair:1:   dreamdust_labyrinth, layout_loops_ring, evilmike_ambush
          [evilmike_ambush_outer_doors, evilmike_ambush_inner_basic],
          uniq_gastronok
Lair:2:   layout_cave_pods, gammafunk_ghost_hydra_chop
Lair:3:   layout_regular_city, elwin_shoals_entry_rooms,
          alex1729_snake_entry_snake, st_stairs_10,
          chequers_serial_rivers_micro_e, serial_bayou_shore_b
Lair:4:   layout_small_grid, uniq_kirke, uniq_josephine
Lair:5:   guppyfry_lair_end_dragon, layout_regular_city,
          hangedman_lair_caniforms_friends, slime_entry_2, lemuel_fruit_tree,
          serial_bayou_shore_a
Snake:1:  layout_grid_shapes, nicolae_shop_sticking_my_neck_out
Snake:2:  layout_chambers, uniq_vashnia
Snake:3:  layout_misc_corridors
Snake:4:  grunt_snake_rune_serpentine_throne, layout_grid_maze, uniq_aizul
Orc:1:    layout_diamond_mine, uniq_nergalle, uniq_fannar
Orc:2:    pubby_orc_utopia

Skill      XL: |  1  2  3  4  5  6  7  8  9 10 11 12 13 14 15 16 17 18 19 |
---------------+----------------------------------------------------------+-----
Stealth        | 1 2 3 4 6 7 8 9 10 11 12 13 14 | 14.2
Fighting       | 2 3 5 6 7 8 9 10 11 12 13 14 | 14.3
Dodging        | 3 4 5 6 7 8 9 10 11 12 13 14 | 14.3
Unarmed Combat | 4 5 7 9 10 11 12 13 14 | 14.5
Evocations     | 1 2 3 4 5 6 7 8 9 10 | 10.7
Shapeshifting  | 4 5 6 7 8 9 10 11 12 13 | 13.3
Shields        | 1 2 3 |  3.2
Translocations | 1 3 4 5 |  5.3
Air Magic      | 1 3 4 5 |  5.0
Spellcasting   | 1 2 4 5 |  5.0
Earth Magic    | 1 |  1.2

Action                     |  1- 3 |  4- 6 |  7- 9 | 10-12 | 13-15 | 16-18 | 19-21 || total
---------------------------+-------+-------+-------+-------+-------+-------+-------++-------
  Melee: Unarmed           |    50 |   116 |   264 |   757 |  1345 |   365 |   244 ||  3141
         Constrict         |    11 |    40 |    48 |   153 |   264 |    35 |    31 ||   582
         Tentacles         |     7 |    36 |    60 |   225 |   475 |    91 |    65 ||   959
         Punch             |       |     6 |    14 |       |       |    35 |    22 ||    77
  Throw: Dart              |       |       |    11 |     6 |       |       |       ||    17
   Cast: Lesser Beckoning  |       |       |       |       |       |    20 |    32 ||    52
         Swiftness         |       |       |       |       |       |       |     2 ||     2
 Invoke: Call Merchant     |       |       |       |     1 |       |     1 |       ||     2
  Evoke: Wand              |       |       |       |    10 |    10 |       |     1 ||    21
    Use: Scroll            |     2 |     6 |     5 |     9 |     4 |     6 |     2 ||    34
         Potion            |       |     2 |     3 |     2 |     8 |     2 |     1 ||    18
   Stab: Sleeping          |     8 |     6 |    14 |    20 |    14 |    19 |     6 ||    87
         Distracted        |       |       |       |     3 |    15 |     4 |     3 ||    25
 Armour: Skin              |    14 |    22 |    89 |   206 |   396 |   128 |   101 ||   956
  Dodge: Dodged            |    18 |    66 |   191 |   574 |  1369 |   311 |   291 ||  2820
  Block: Kite shield       |       |       |    14 |    97 |       |       |       ||   111
   Form: Flux              |       |       |       |     1 |       |       |       ||     1
         Blade             |       |       |       |       |       |     1 |       ||     1

Table legend: (Time is in decaauts)
 A = Elapsed time spent in this place.
 B = Non-inter-level travel time spent in this place.
 C = Inter-level travel time spent in this place.
 D = Time resting spent in this place.
 E = Time spent auto-exploring this place.
 F = Levels seen in this place.
 G = Mean time per level.
                   A        B        C        D        E       F      G
               +--------+--------+--------+--------+--------+-----+--------+
         Total |  33406 |  31332 |   2074 |   5189 |  13051 |  31 | 1077.6 |
       Dungeon |  16651 |  15643 |   1008 |   2672 |   7639 |  15 | 1110.1 |
        Temple |     61 |      2 |     59 |      0 |      0 |   1 |   61.0 |
          Lair |   7710 |   7113 |    597 |    886 |   2869 |   5 | 1542.0 |
     Snake Pit |   3976 |   3893 |     83 |    581 |   1392 |   4 |  994.0 |
  Orcish Mines |   3426 |   3101 |    325 |    420 |    986 |   2 | 1713.0 |
         Trove |     92 |     92 |      0 |      0 |      0 |   1 |   92.0 |
         Sewer |    454 |    454 |      0 |    166 |    137 |   1 |  454.0 |
        Bailey |    976 |    976 |      0 |    438 |     27 |   1 |  976.0 |
      Ice Cave |     55 |     55 |      0 |     26 |      0 |   1 |   55.0 |
               +--------+--------+--------+--------+--------+-----+--------+

Top non-repeatable levels by time:
   Orc:2: 3001 daAuts
     D:8: 2127 daAuts
  Lair:2: 1747 daAuts
  Lair:5: 1745 daAuts
     D:6: 1710 daAuts
 Snake:2: 1591 daAuts
  Lair:3: 1530 daAuts
    D:12: 1420 daAuts
     D:5: 1417 daAuts
  Lair:1: 1390 daAuts
  Lair:4: 1297 daAuts
    D:10: 1209 daAuts
     D:1: 1149 daAuts
    D:15: 1098 daAuts
  Bailey: 976 daAuts
